 Dungeon Crawl Stone Soup version 0.30.0-29-ga12c61a403 (webtiles) character file.

Game seed: 1277085231204201008

1425 qw the Cleaver (level 8, -6/51 HPs)
             Began as a Gargoyle Fighter on June 5, 2023.
             Mangled by a rust devil (8 damage)
             ... on level 5 of the Dungeon.
             The game lasted 00:02:55 (5150 turns).

qw the Cleaver (Gargoyle Fighter)                   Turns: 5150, Time: 00:02:56

Health: -6/51      AC:  0    Str: 25    XL:     8   Next: 72%
Magic:  8/8        EV: 12    Int:  8    God:
Gold:   627        SH:  4    Dex: 13    Spells: 7/7 levels left

rFire   + + +        Y - +0 war axe
rCold   + . .        c - +0 buckler
rNeg    + + +        p - +0 plate armour
rPois   inf          (no helmet)
rElec   +            g - +2 cloak of Meh Memi {rN++}
rCorr   +            (no gloves)
SInv    .            (no boots)
Will    .....        h - amulet of regeneration Stlth
                     r - ring of protection from fire
HPRegen 1.08/turn    e - ring of Kycuoc {rF+ EV+5 Str+4}
MPRegen 0.11/turn

%: no passive effects
@: resistant, corroded
A: sickness immunity, AC +5, negative energy resistance 1, electricity
resistance, torment resistance 1, petrification resistance, agile 1, high MP 1
a: no special abilities


You were on level 5 of the Dungeon.
You visited 1 branch of the dungeon, and saw 6 of its levels.
You also visited: Sewer and Ossuary.

You collected 627 gold pieces.


Innate Abilities, Weirdness & Mutations

You are immune to sickness and miasma.
Your stone body is resilient. (AC +5)
You are immune to poison.
You resist negative energy. (rN+)
You are resistant to electric shocks. (rElec)
You are resistant to unholy torment.
You are immune to petrification.
You are agile. (Dex +4, Str/Int -1)
You have an increased reservoir of magic. (+10% MP)


   Skills:
 - Level 6.1 Fighting
 - Level 8.0 Axes
 - Level 2.1 Throwing
 + Level 4.1 Armour
 - Level 1.0 Dodging
 - Level 3.2 Shields


You had 7 spell levels left.
You didn't know any spells.
Your spell library was empty.

Inventory:

Hand Weapons
 i - a +0 flail
 Y - a +0 war axe (weapon)
Missiles
 j - 2 silver boomerangs
 l - 9 javelins (quivered)
Armour
 c - a +0 buckler (worn)
 g - the +2 cloak of Meh Memi (worn) {rN++}
   (You found it on level 4 of the Dungeon)

   rN:        It greatly protects you from negative energy.
 p - a +0 plate armour (worn)
Jewellery
 e - the ring of Kycuoc (right hand) {rF+ EV+5 Str+4}
   (You acquired it on level 2 of the Dungeon)

   [ring of evasion]

   EV:        It affects your evasion (+5).
   Str:       It affects your strength (+4).
   rF:        It protects you from fire.
 h - an amulet of regeneration (around neck)
 n - the ring of Onnaigae {rElec rPois rN+ rCorr Str-2}
   (You acquired it on level 2 of the Dungeon)

   [ring of positive energy]

   Str:       It affects your strength (-2).
   rElec:     It insulates you from electricity.
   rPois:     It protects you from poison.
   rN:        It protects you from negative energy.
   rCorr:     It protects you from acid and corrosion.
 r - a ring of protection from fire (left hand)
Scrolls
 k - a scroll of identify
Potions
 a - 2 potions of haste
 d - 2 potions of might
 f - a potion of resistance
 m - 2 potions of mutation
 q - a potion of ambrosia {unknown}
 s - a potion of attraction {unknown}

Dungeon Overview and Level Annotations

Branches:
Dungeon (6/15)              Sewer (visited)         Ossuary (visited)
 Temple: D:4-7

Altars:
Cheibriados
Fedhas
Gozag
Qazlal
Wu Jian

Shops:
D:1 (

Annotations:
D:3 3 runed translucent doors, qw's ghost, weakling GrFi
D:5 1 runed translucent door, qw's ghost, amateur GrFi


Message History

The rust devil hits you. The rust devil corrodes you! The rust devil hits you.
You block the orc warrior's attack.
You closely miss the rust devil.
The rust devil is moderately wounded.
You hit the rust devil. You hit the orc warrior.
You block the rust devil's attack. The rust devil hits you.
The rust devil corrodes you!
The orc warrior hits you with a +0 mace.
You hit the orc warrior.
The orc warrior is severely wounded.
You completely miss the rust devil. You hit the rust devil.
The rust devil hits you. The rust devil corrodes you! The rust devil hits you.
The orc warrior hits you with a +0 mace.
You hit the orc warrior but do no damage.
The orc warrior is severely wounded.
You hit the rust devil.
You hit the rust devil but do no damage.
The rust devil closely misses you. The rust devil hits you!
The rust devil corrodes you! The orc warrior barely misses you.
You hit the orc warrior.
The orc warrior is severely wounded.
You hit the rust devil but do no damage. x2
The rust devil closely misses you. The rust devil barely misses you.
The orc warrior hits you with a +0 mace!
5148 ||| DRINKING potion of heal wounds.
You feel much better. The rust devil hits you. The rust devil corrodes you!
The rust devil hits you. The orc warrior closely misses you.
You hit the orc warrior but do no damage.
The orc warrior is severely wounded.
You hit the rust devil but do no damage.
You closely miss the rust devil. The rust devil hits you! x2
The orc warrior hits you with a +0 mace.
You hit the orc warrior but do no damage.
The orc warrior is severely wounded.
You hit the rust devil but do no damage.
You closely miss the rust devil. The rust devil closely misses you.
The rust devil hits you!
You die...

####.........# #.
#............# #.
#.###.....#.## #. #####
##.#...###...## #. #.?.#
#....### ###..######' #.~.#
#.#.##)#+#(##.##..... #.~.#
#...#7.....7#..#..... #.~.#
#))##4......##.#..... #.W.#
#).#@4..8... #.#..... ##+##
#..##o......##.#.....
#...######...#7.....7#..#.....
#...#........##)#+#)##.#######
##....#####^..### ###..#
###### #.#...###...##
#.........### ###########


You could see 2 rust devils and an orc warrior.

Vanquished Creatures
  A sky beast (D:6)
  An orc warrior (D:5)
  2 ice beasts (D:6)
  An ogre (D:4)
  A phantom (D:5)
  2 kobold brigands (Sewer)
  An elf zombie (Ossuary)
  2 scorpions
  A centaur zombie (Ossuary)
  4 orc priests
  A hound (D:5)
  Jessica (D:3)
  3 orc wizards
  2 mummies (Ossuary)
  4 gnolls (D:5)
  7 adders
  4 worms
  2 dart slugs (D:1)
  25 orcs
  10 ball pythons
  7 bats
  5 endoplasms
  A giant cockroach (D:2)
  4 gnoll zombies (Ossuary)
  7 goblins
  7 hobgoblins
  14 jackals
  5 quokkas
  3 frilled lizards
  5 goblin zombies (Ossuary)
  3 hobgoblin zombies (Ossuary)
  8 kobolds
  16 rats
160 creatures vanquished.

Notes
Turn   | Place    | Note
-------+----------+-------------------------------------------
     0 | D:1      | qw the Gargoyle Fighter began the quest for the Orb.
     0 | D:1      | Reached XP level 1. HP: 14/14 MP: 1/1
     0 | D:1      | 0 ||| qw: Version: 0.2-a-108-gee2c290
     0 | D:1      | 0 ||| qw: Game counter: 1455
     0 | D:1      | 0 ||| qw: Always use a shield: true
     0 | D:1      | 0 ||| qw: God list: Okawaru
     0 | D:1      | 0 ||| qw: Allow faded altars: false
     0 | D:1      | 0 ||| qw: Do Orc after D:15 true
     0 | D:1      | 0 ||| qw: Do second Lair branch before Depths: true
     0 | D:1      | 0 ||| qw: Lair rune preference: random
     0 | D:1      | 0 ||| qw: Plans: Normal, Zot:1-4, Slime:5, God:TSO, Crypt,
                  | Tomb, Abyss, Pan, Hells, Win
     0 | D:1      | 0 ||| PLANNING D:1-11
     3 | D:1      | 3 ||| Stepping ~*~*~tactically~*~*~ (hiding).
    14 | D:1      | Reached skill level 2 in Axes
    28 | D:1      | Reached XP level 2. HP: 19/19 MP: 2/2
    60 | D:1      | 60 ||| Stepping ~*~*~tactically~*~*~ (stealth).
   110 | D:1      | 110 ||| Stepping ~*~*~tactically~*~*~ (stealth).
   111 | D:1      | 111 ||| Stepping ~*~*~tactically~*~*~ (stealth).
   184 | D:1      | Reached skill level 3 in Axes
   184 | D:1      | Reached XP level 3. HP: 11/23 MP: 3/3
   265 | D:1      | Found Teigg's Antique Weapon Shop.
   273 | D:1      | 273 ||| SHOPLISTING mace (90 gold, have 9).
   692 | D:1      | 692 ||| READING scroll labelled WUZXAH YFOPRA.
   709 | D:1      | 709 ||| READING 2 scrolls labelled WYNKA SAPAHE.
   710 | D:1      | 710 ||| READING scroll labelled VUOCSEI MAOVETOGA.
   711 | D:1      | 711 ||| READING 2 scrolls labelled OSMOUS TUVIDU.
   712 | D:1      | 712 ||| DROPPING scroll of fear.
   746 | D:2      | 746 ||| Stepping ~*~*~tactically~*~*~ (stealth).
   758 | D:2      | Reached skill level 1 in Throwing
   795 | D:2      | 795 ||| DROPPING +0 club.
   849 | D:2      | 849 ||| Stepping ~*~*~tactically~*~*~ (stealth).
   854 | D:2      | 854 ||| Stepping ~*~*~tactically~*~*~ (stealth).
   993 | D:2      | Reached XP level 4. HP: 28/28 MP: 4/4
  1001 | D:2      | Found a faded altar of an unknown god.
  1177 | D:2      | 1177 ||| UPGRADING to amulet of regeneration.
  1182 | D:2      | 1182 ||| READING 2 scrolls labelled QAETOS GEDOOPT.
  1182 | D:2      | Identified 2 scrolls of acquirement
  1182 | D:2      | 1182 ||| ACQUIRING ring of Onnaigae {rElec rPois rN+ rCorr
                  | Str-2}
  1182 | D:2      | Acquired the ring of Onnaigae {rElec rPois rN+ rCorr Str-2}
  1184 | D:2      | 1184 ||| UPGRADING to ring of Onnaigae {rElec rPois rN+
                  | rCorr Str-2}.
  1185 | D:2      | 1185 ||| READING scroll of acquirement.
  1185 | D:2      | 1185 ||| ACQUIRING ring of Kycuoc {rF+ EV+5 Str+4}
  1185 | D:2      | Acquired the ring of Kycuoc {rF+ EV+5 Str+4}
  1187 | D:2      | 1187 ||| UPGRADING to ring of Kycuoc {rF+ EV+5 Str+4}.
  1188 | D:2      | 1188 ||| DRINKING 2 amethyst potions.
  1188 | D:2      | Gained mutation: You are agile. (Dex +4, Str/Int -1)
                  | [potion of mutation]
  1188 | D:2      | Gained mutation: You have an increased reservoir of magic.
                  | (+10% MP) [potion of mutation]
  1189 | D:2      | 1189 ||| READING 3 scrolls of identify.
  1189 | D:2      | 1189 ||| IDENTIFYING metallic cyan potion
  1190 | D:2      | 1190 ||| READING 2 scrolls of identify.
  1190 | D:2      | 1190 ||| IDENTIFYING murky yellow potion
  1191 | D:2      | 1191 ||| DROPPING potion of degeneration.
  1192 | D:2      | 1192 ||| DROPPING potion of brilliance.
  1319 | D:3      | Reached skill level 4 in Axes
  1320 | D:3      | 1320 ||| Stepping ~*~*~tactically~*~*~ (stealth).
  1321 | D:3      | 1321 ||| Stepping ~*~*~tactically~*~*~ (stealth).
  1422 | D:3      | Reached skill level 1 in Dodging
  1422 | D:3      | 1422 ||| DROPPING +0 mace.
  1436 | D:3      | Noticed Jessica
  1439 | D:3      | Killed Jessica
  1440 | D:3      | Reached XP level 5. HP: 32/32 MP: 5/5
  1541 | D:3      | Found a runed translucent gate.
  1541 | D:3      | Found a runed translucent gate.
  1542 | D:3      | Found a runed translucent gate.
  1543 | D:3      | Found an opulent altar of Gozag.
  1544 | D:3      | Noticed qw's ghost (weakling GrFi)
  1737 | D:3      | 1737 ||| Stepping ~*~*~tactically~*~*~ (stealth).
  2144 | D:3      | 2144 ||| READING scroll labelled REZU LAUWK.
  2145 | D:3      | 2145 ||| READING scroll labelled ZAWKEL VOOBIXU.
  2246 | D:3      | 2246 ||| READING scroll labelled MUMEFOHUQI.
  2247 | D:3      | 2247 ||| READING 3 scrolls of identify.
  2247 | D:3      | 2247 ||| IDENTIFYING lumpy purple potion
  2248 | D:3      | 2248 ||| READING 2 scrolls of identify.
  2248 | D:3      | 2248 ||| IDENTIFYING coppery potion
  2266 | D:4      | 2266 ||| PLANNING SEWER
  2269 | D:4      | Found a snail-covered altar of Cheibriados.
  2388 | D:4      | Identified the +2 cloak of Meh Memi {rN++}
  2395 | D:4      | Noticed an ogre
  2396 | D:4      | 2396 ||| Stepping ~*~*~tactically~*~*~ (stealth).
  2397 | D:4      | 2397 ||| Stepping ~*~*~tactically~*~*~ (stealth).
  2399 | D:4      | 2399 ||| Stepping ~*~*~tactically~*~*~ (hiding).
  2400 | D:4      | 2400 ||| Stepping ~*~*~tactically~*~*~ (hiding).
  2582 | D:4      | Found a glowing drain.
  2583 | D:4      | 2583 ||| UPGRADING to +2 cloak of Meh Memi {rN++}.
  2588 | D:4      | 2588 ||| REMOVING ring of Onnaigae {rElec rPois rN+ rCorr
                  | Str-2}.
  2589 | D:4      | 2589 ||| READING 2 scrolls of identify.
  2589 | D:4      | 2589 ||| IDENTIFYING clear potion
  2593 | D:4      | 2593 ||| Stepping ~*~*~tactically~*~*~ (stealth).
  2615 | D:4      | Reached skill level 5 in Axes
  2621 | Sewer    | Entered a sewer
  2671 | Sewer    | Noticed a kobold brigand
  2675 | Sewer    | Noticed a kobold brigand
  2700 | Sewer    | Killed a kobold brigand
  2701 | Sewer    | Reached XP level 6. HP: 37/38 MP: 6/6
  2731 | Sewer    | 2731 ||| Stepping ~*~*~tactically~*~*~ (hiding).
  2762 | D:4      | 2762 ||| PLANNING D:1-11
  3038 | D:4      | 3038 ||| DROPPING +2 leather armour of fire resistance.
  3039 | D:4      | 3039 ||| UPGRADING to +0 plate armour.
  3049 | D:4      | 3049 ||| DROPPING +0 scale mail.
  3050 | D:4      | 3050 ||| Stepping ~*~*~tactically~*~*~ (stealth).
  3057 | D:4      | 3057 ||| Stepping ~*~*~tactically~*~*~ (stealth).
  3067 | D:4      | Reached XP level 7. HP: 43/43 MP: 7/7
  3090 | D:5      | Entered Level 5 of the Dungeon
  3133 | D:5      | 3133 ||| Stepping ~*~*~tactically~*~*~ (stealth).
  3136 | D:5      | 3136 ||| Stepping ~*~*~tactically~*~*~ (stealth).
  3140 | D:5      | 3140 ||| Stepping ~*~*~tactically~*~*~ (stealth).
  3141 | D:5      | 3141 ||| Stepping ~*~*~tactically~*~*~ (stealth).
  3151 | D:5      | Reached skill level 6 in Axes
  3155 | D:5      | 3155 ||| Stepping ~*~*~tactically~*~*~ (stealth).
  3259 | D:5      | Found a runed translucent door.
  3260 | D:5      | Noticed qw's ghost (amateur GrFi)
  3324 | D:5      | 3324 ||| Stepping ~*~*~tactically~*~*~ (stealth).
  3328 | D:5      | 3328 ||| Stepping ~*~*~tactically~*~*~ (hiding).
  3521 | D:5      | 3521 ||| Stepping ~*~*~tactically~*~*~ (stealth).
  3743 | D:5      | Reached skill level 7 in Axes
  3963 | D:5      | 3963 ||| READING scroll labelled KOQIOMN YCHO.
  3967 | D:5      | 3967 ||| READING scroll labelled VOWUCH CIDOG.
  3968 | D:5      | 3968 ||| READING scroll labelled LYISIE YNLIKK.
  3998 | D:6      | 3998 ||| PLANNING OSSUARY
  4235 | D:6      | Found a sand-covered staircase.
  4256 | Ossuary  | Entered an ossuary
  4260 | Ossuary  | 4260 ||| Stepping ~*~*~tactically~*~*~ (stealth).
  4262 | Ossuary  | 4262 ||| Stepping ~*~*~tactically~*~*~ (stealth).
  4264 | Ossuary  | 4264 ||| Stepping ~*~*~tactically~*~*~ (stealth).
  4265 | Ossuary  | 4265 ||| Stepping ~*~*~tactically~*~*~ (stealth).
  4320 | Ossuary  | Reached XP level 8. HP: 49/49 MP: 8/8
  4474 | D:6      | 4474 ||| PLANNING D:1-11
  4477 | D:6      | Found a blossoming altar of Fedhas.
  4660 | D:6      | Found an opulent altar of Gozag.
  4969 | D:6      | Found an ornate altar of the Wu Jian Council.
  4987 | D:6      | Found a stormy altar of Qazlal.
  4993 | D:6      | 4993 ||| DRINKING potion of curing.
  4993 | D:6      | 4993 ||| (to cure confusion)
  5004 | D:6      | Reached skill level 8 in Axes
  5125 | D:6      | 5125 ||| UPGRADING to ring of protection from fire.
  5126 | D:6      | 5126 ||| READING scroll labelled JUIRCH EFRANG.
  5127 | D:6      | 5127 ||| DRINKING 2 fuming dark potions.
  5133 | D:5      | Noticed a rust devil
  5133 | D:5      | Noticed a rust devil
  5140 | D:5      | Reached skill level 6 in Fighting
  5147 | D:5      | HP: 11/51 [orc warrior/+0 mace (7)]
  5148 | D:5      | 5148 ||| DRINKING potion of heal wounds.
  5149 | D:5      | HP: 5/51 [rust devil (11)]
  5149 | D:5      | HP: 1/51 [orc warrior/+0 mace (4)]
  5150 | D:5      | Mangled by a rust devil

Levels and vault maps discovered:
D:1:      roderic_crossed_star, layout_rooms, serial_shops, shop, minivault_4,
          minmay_rat_gold_closets
D:2:      layout_rooms, basic_ecumenical_altar
D:3:      layout_loops_corners, ebering_ghost_gozag, uniq_jessica
D:4:      layout_rooms, lemuel_tele_altar, cheibrodos_sewer_entry_bend,
          serial_bayou, serial_bayou_ford_a, serial_bayou_shore_b,
          serial_bayou_lagoon_a, serial_bayou_pond_d, serial_bayou_pond_c
D:5:      cheibrodos_iron_armory, layout_basic, ebering_ghost_reflecting_pool
D:6:      layout_basic, lemuel_coloured_pillars_altar, fedhas_altar_1,
          mainiacjoe_overflow_catch_the_wave, serial_glass, glass_columns_a,
          glass_columns_c, lightli_ossuary_entry_decrepit_ruins,
          minmay_crystal_room, guppyfry_early_elven_hall

Skill      XL: |  1  2  3  4  5  6  7  8 |
---------------+-------------------------+-----
Axes           | 2 3 4 5 7 8 |  8.0
Throwing       | 1 2 |  2.1
Dodging        | 1 |  1.0
Fighting       | 4 5 6 |  6.1
Armour         | 4 |  4.1
Shields        | |  3.2

Action                     |  1- 3 |  4- 6 |  7- 9 || total
---------------------------+-------+-------+-------++-------
  Melee: War axe           |   118 |   155 |   170 ||   443
  Throw: Javelin           |    20 |    44 |    39 ||   103
    Use: Scroll            |     4 |    10 |     4 ||    18
         Potion            |       |     1 |     3 ||     4
 Armour: Scale mail        |    65 |    69 |       ||   134
         Plate armour      |       |       |    88 ||    88
  Dodge: Dodged            |    71 |   104 |    64 ||   239
  Block: Buckler           |    26 |    33 |    27 ||    86

Table legend:
 A = Non-vault XP
 B = Vault XP
 C = Vault XP percentage of total XP
 D = Non-vault monster count
 E = Vault monster count
 F = Vault count percentage of total count
                 A         B        C        D         E       F
            +---------+---------+-------+---------+---------+-------
      Total |    1454 |     582 |  28.6 |     122 |      38 |  23.8
            +---------+---------+-------+---------+---------+-------
        D:1 |      52 |       6 |  10.3 |      28 |       6 |  17.6
        D:2 |      41 |       0 |   0.0 |      17 |       0 |   0.0
        D:3 |      99 |      37 |  27.2 |      27 |       1 |   3.6
        D:4 |     165 |      15 |   8.3 |      12 |       3 |  20.0
        D:5 |     398 |     133 |  25.0 |      22 |       1 |   4.3
        D:6 |     699 |       0 |   0.0 |      16 |       0 |   0.0
      Sewer |       0 |     207 | 100.0 |       0 |      11 | 100.0
    Ossuary |       0 |     184 | 100.0 |       0 |      16 | 100.0
            +---------+---------+-------+---------+---------+-------
